Map: Galactic Process LE

Players

llllIIIlllII - Winner!

  • Race: Zerg Zerg
  • League: Master

SortOf

  • Race: Zerg Zerg
  • League: Master

VOD

Have the link to the VOD?

Description

Time

  • Played on: Oct. 26, 2016, 6:13 a.m.
  • Length: 8:58
Show
View Real Time Build Order
Export as new Build Order

llllIIIlllII Zerg - Winner!

Build Orders: Hatch First 

Get SALT Encoding   

  12  0:00  Drone  
  13  0:07  Drone  
  14  0:17  Overlord  
  14  0:21  Extractor  
  14  0:22  Drone  
  15  0:35  Drone x2  
  17  0:44  Drone  
  18  0:55  Unknown, Hatchery  
  17  0:58  Extractor  
  17  0:59  Drone  
  17  1:12  Spawning Pool  
  17  1:15  Drone  
  17  1:18  Drone  
  18  1:26  Drone  
  19  1:37  Overlord  
  19  1:48  Drone  
  20  1:59  Queen, Drone  
  20  2:01  Metabolic Boost  
  23  2:07  Queen, Unknown, Zergling x2  
  26  2:10  Drone  
  27  2:18  Drone  
  27  2:20  Drone  
  29  2:29  Zergling x2  
  30  2:31  Drone  
  31  2:39  Drone  
  31  2:41  Unknown, Hatchery  
  31  2:43  Drone  
  32  2:50  Drone  
  33  2:57  Zergling x2  
  33  3:01  Drone  
  33  3:02  Baneling Nest  
  33  3:03  Overlord  
  33  3:07  Drone x3  
  36  3:14  Overlord  
  36  3:21  Queen  
  36  3:25  Zergling x4  
  36  3:26  Zergling x4  
  42  3:34  Drone  
  43  3:35  Drone  
  43  3:37  Drone  
  45  3:43  Roach Warren  
  45  3:46  Drone  
  45  3:48  Drone x6  
  50  3:50  Baneling  
  50  3:52  Unknown  
  50  3:54  Baneling  
  53  3:55  Drone x2  
  53  3:57  Drone  
  53  4:02  Drone  
  55  4:03  Drone  
  55  4:07  Evolution Chamber  
  55  4:08  Drone  
  56  4:12  Drone  
  56  4:14  Overlord  
  57  4:20  Overlord  
  57  4:21  Drone  
  58  4:26  Extractor  
  58  4:29  Extractor  
  58  4:30  Drone x2  
  58  4:34  Drone  
  58  4:35  Drone x2  
  58  4:36  Zerg Missile Weapons Level 1  
  58  4:37  Drone  
  62  4:40  Lair  
  62  4:43  Drone  
  62  4:44  Drone  
  64  4:46  Drone  
  64  4:51  Drone  
  64  4:52  Drone x2  
  68  4:54  Drone  
  69  5:00  Drone  
  69  5:01  Drone x3  
  69  5:02  Drone  
  69  5:03  Overlord x2  
  69  5:05  Overlord  
  69  5:06  Extractor  
  73  5:09  Overlord  
  73  5:11  Extractor, Overlord x2  
  72  5:20  Overlord x2  
  72  5:23  Unknown  
  72  5:35  Drone x3  
  75  5:37  Drone  
  75  5:39  Glial Reconstitution  
  75  5:41  Roach  
  75  5:42  Roach x7  
  92  5:48  Pneumatized Carapace  
  92  5:53  Unknown, Hatchery  
  91  5:57  Overlord  
  91  5:58  Roach  
  91  5:59  Roach x5  
  91  6:03  Roach  
  105  6:06  Overlord  
  105  6:08  Roach  
  105  6:10  Roach  
  105  6:11  Roach x2  
  113  6:17  Roach  
  115  6:19  Roach x3  
  115  6:20  Overlord x2  
  121  6:29  Overlord  
  121  6:31  Zerg Missile Weapons Level 2  
  121  6:32  Roach  
  127  6:33  Roach x4  
  127  6:38  Roach  
  127  6:39  Roach  
  135  6:40  Roach x2  
  135  6:42  Roach  
  135  6:43  Roach  
  135  6:46  Roach  
  135  6:47  Roach x2  
  147  6:51  Roach  
  147  6:53  Roach  
  147  6:54  Overlord  
  147  6:59  Roach x2  
  147  7:00  Roach  
  153  7:03  Roach  
  153  7:05  Roach x2, Unknown  
  153  7:06  Roach  
  153  7:07  Roach x2  
  153  7:08  Roach  
  167  7:15  Roach  
  169  7:16  Roach  
  169  7:17  Roach  
  169  7:18  Roach x2  
  169  7:19  Unknown, Overlord  
  169  7:21  Roach  
  179  7:25  Roach  
  177  7:32  Roach  
  177  7:33  Roach x5  
  177  7:35  Roach  
  177  7:36  Roach  
  173  7:37  Roach  
  173  7:40  Roach  
  173  7:41  Roach  
  173  7:43  Roach  
  161  7:44  Roach  
  161  7:47  Roach  
  161  7:49  Roach  
  149  7:52  Roach x2  
  149  7:54  Zergling x6  
  149  7:56  Roach x2  
  156  7:58  Roach  
  156  8:00  Roach  
  156  8:01  Roach  
  156  8:03  Roach  
  158  8:07  Roach  
  158  8:11  Roach x2  
  154  8:12  Roach  
  154  8:13  Roach  
  154  8:15  Roach x2  
  154  8:19  Roach  
  156  8:21  Roach  
  156  8:22  Roach  
  156  8:25  Overseer  
  160  8:29  Zergling x2  
  160  8:30  Zergling x2  
  160  8:31  Roach  
  160  8:32  Roach  
  159  8:38  Roach x2  
Show
View Real Time Build Order
Export as new Build Order

SortOf Zerg 

Build Orders: Hatch First 

Get SALT Encoding   

  12  0:00  Drone  
  13  0:12  Overlord  
  13  0:17  Drone  
  14  0:30  Drone  
  14  0:31  Drone  
  14  0:34  Drone  
  17  0:53  Unknown, Hatchery  
  17  0:55  Drone  
  17  1:00  Drone  
  18  1:12  Spawning Pool  
  18  1:14  Extractor  
  17  1:18  Drone  
  17  1:20  Drone  
  18  1:28  Drone  
  19  1:38  Overlord  
  19  1:50  Drone  
  20  1:58  Queen  
  20  2:00  Zergling x2  
  23  2:04  Queen, Unknown  
  23  2:05  Zergling x2  
  26  2:12  Drone  
  26  2:14  Metabolic Boost  
  27  2:17  Drone  
  29  2:22  Drone  
  29  2:26  Drone  
  30  2:34  Drone  
  31  2:41  Unknown, Hatchery  
  30  2:47  Baneling Nest  
  30  2:48  Drone  
  30  2:51  Drone  
  30  2:53  Drone  
  32  2:58  Overlord  
  32  3:02  Drone  
  33  3:09  Zergling x4  
  35  3:15  Overlord  
  35  3:17  Drone x2  
  35  3:18  Drone  
  38  3:20  Drone  
  38  3:25  Drone  
  40  3:27  Queen  
  40  3:30  Baneling x2  
  42  3:36  Zergling x2  
  42  3:40  Zergling x2  
  44  3:42  Drone x2  
  44  3:46  Overlord  
  46  3:48  Drone  
  46  3:49  Drone x2  
  46  3:52  Unknown  
  46  3:54  Drone  
  49  3:57  Evolution Chamber  
  49  3:59  Roach Warren  
  47  4:03  Extractor  
  47  4:05  Lair  
  47  4:07  Baneling  
  46  4:13  Drone x2  
  48  4:17  Drone x2  
  48  4:21  Drone x2  
  48  4:23  Zerg Missile Weapons Level 1  
  52  4:25  Extractor, Overlord  
  52  4:27  Drone x2  
  52  4:30  Drone x2  
  55  4:33  Drone x2  
  55  4:36  Overlord  
  57  4:40  Drone x2  
  59  4:47  Drone x2  
  59  4:48  Roach, Drone  
  59  4:52  Roach x2  
  68  4:57  Roach x2  
  68  4:58  Drone  
  72  5:01  Overlord  
  72  5:02  Drone  
  72  5:03  Overseer  
  73  5:08  Drone x3  
  73  5:11  Glial Reconstitution  
  73  5:13  Overlord  
  76  5:14  Drone  
  76  5:18  Drone x3  
  76  5:20  Extractor, Roach  
  81  5:22  Drone  
  81  5:25  Roach  
  81  5:26  Roach  
  86  5:30  Drone  
  86  5:31  Drone  
  86  5:32  Overlord  
  88  5:36  Roach x2  
  88  5:38  Roach x2  
  88  5:39  Extractor  
  95  5:44  Roach  
  95  5:47  Overlord x2  
  97  5:51  Overlord  
  97  5:52  Drone x2  
  97  5:54  Roach x3  
  105  6:06  Roach  
  105  6:07  Roach x6  
  105  6:09  Overseer  
  119  6:15  Roach x2  
  122  6:21  Zerg Missile Weapons Level 2  
  122  6:25  Drone x4  
  126  6:28  Extractor  
  126  6:29  Unknown, Hatchery  
  126  6:32  Burrow, Overlord  
  124  6:33  Overlord  
  124  6:37  Tunneling Claws  
  124  6:46  Overlord  
  120  6:55  Overlord  
  120  6:58  Roach x7  
  120  6:59  Roach x4  
  142  7:01  Overlord  
  142  7:07  Roach x4  
  150  7:14  Overlord  
  148  7:17  Roach x3  
  154  7:25  Roach x3  
  154  7:29  Queen x2  
  160  7:32  Roach x5  
  160  7:33  Roach  
  160  7:34  Roach x5  
  152  7:41  Roach x4, Unknown  
  152  7:43  Roach x9  
  135  7:45  Ravager x2  
  135  7:46  Roach x2, Queen  
  128  7:53  Roach  
  128  7:58  Roach x2  
  128  8:03  Roach x3  
  128  8:04  Roach x2  
  128  8:05  Roach x9  
  134  8:08  Roach x3  
  134  8:12  Queen x2  
  124  8:14  Roach  
  124  8:18  Roach  
  124  8:19  Roach  
  128  8:20  Roach x2  
  128  8:22  Roach  
  128  8:25  Roach  
  131  8:27  Roach  
  131  8:29  Roach  
  132  8:34  Roach x3  
Tags
 
Add a new tag
Caveats
  • Supply blocks, unpowered buildings, or Contaminate may cause inaccurate times.
  • Supply counts are checked every 10 seconds.